 Dungeon Crawl Stone Soup version 0.29.1-4-g47bece8355 (webtiles) character file.

Game seed: 1401281573137431032

1934 ChadusMaximus the Summoner (level 8, -4/41 HPs)
             Began as a Deep Elf Summoner on Dec 4, 2022.
             Was a Follower of Yredelemnul.
             Succumbed to a water moccasin's poison
             ... on level 6 of the Dungeon on Dec 5, 2022.
             The game lasted 00:13:51 (7223 turns).

ChadusMaximus the Summoner (Deep Elf Summoner)      Turns: 7223, Time: 00:13:52

Health: -4/41      AC:  4    Str:  5    XL:     8   Next: 97%
Magic:  21/23      EV: 12    Int: 29    God:    Yredelemnul [*.....]
Gold:   206        SH:  0    Dex: 15    Spells: 12/25 levels left

rFire   . . .      SeeInvis .   G - +3 dire flail
rCold   . . .      Faith    .   (shield currently unavailable)
rNeg    . . .      Spirit   .   z - +0 leather armour
rPois   .          Reflect  .   (no helmet)
rElec   .          Harm     .   y - +0 cloak
rCorr   .          Rampage  .   (no gloves)
Will    .....                   (no boots)
Stlth   ++........              (no amulet)
HPRegen 0.13/turn               q - ring of wizardry
MPRegen 0.18/turn               m - +6 ring of intelligence

@: lethally poisoned (-4 -> -39)
A: no striking features
a: Renounce Religion, Recall Undead Harvest


You were on level 6 of the Dungeon.
You worshipped Yredelemnul.
Yredelemnul was noncommittal.
You visited 2 branches of the dungeon, and saw 7 of its levels.
You also visited: Ossuary.

You collected 206 gold pieces.

Inventory:

Hand Weapons
 k - a +0 sling
 G - a +3 dire flail (weapon)
Armour
 y - a +0 cloak (worn)
 z - a +0 leather armour (worn)
 F - a +2 robe of willpower
Jewellery
 h - a +4 ring of protection
 m - a +6 ring of intelligence (right hand)
 p - an amulet of guardian spirit
 q - a ring of wizardry (left hand)
 E - the amulet "Hyafecwa" {Reflect rF+ rN+ Slay+6 SH+5}
   (You found it on level 6 of the Dungeon)

   [amulet of reflection]

   It reflects blocked missile attacks.
   Slay:      It affects your accuracy & damage with ranged weapons and melee
   (+6).
   rF:        It protects you from fire.
   rN:        It protects you from negative energy.
   SH:        It affects your SH (+5).
Wands
 i - a wand of charming (6)
Scrolls
 c - a scroll of blinking
 f - 3 scrolls of enchant armour {unknown}
 j - 2 scrolls of summoning
 l - 5 scrolls of teleportation
 o - 2 scrolls of noise
 r - a scroll of magic mapping {unknown}
 s - 2 scrolls of fear {unknown}
 t - 2 scrolls of identify
 u - a scroll of amnesia {unknown}
 w - a scroll of torment {unknown}
 A - a scroll of poison {unknown}
 B - a scroll of enchant weapon {unknown}
 C - a scroll of butterflies {unknown}
Potions
 a - a potion of degeneration {unknown}
 b - 4 potions of magic
 d - 2 potions of flight {unknown}
 e - 5 potions of curing {unknown}
 g - 3 potions of mutation {unknown}
 n - 2 potions of attraction {unknown}
 v - a potion of brilliance {unknown}
 x - a potion of berserk rage {unknown}
 D - 3 potions of cancellation {unknown}


   Skills:
 + Level 4.4 Dodging
 - Level 3.1 Stealth
 + Level 9.0 Spellcasting
 * Level 10.8 Summonings


You had 12 spell levels left.
You knew the following spells:

 Your Spells              Type           Power      Damage    Failure   Level
a - Summon Small Mammal   Summ           100%       N/A       1%          1
b - Call Imp              Summ           66%        N/A       1%          2
c - Call Canine Familiar  Summ           66%        N/A       1%          3
d - Summon Lightning Spi  Summ/Air       44%        N/A       3%          4
e - Summon Guardian Gole  Hex/Summ       44%        N/A       1%          3

Your spell library contained the following spells:

 Spells                   Type           Power      Damage    Failure   Level
 Sandblast                Erth           26%        2d8       2%          1
 Passwall                 Tmut/Erth      10%        N/A       4%          2
 Stone Arrow              Conj/Erth      26%        3d8       9%          3


Dungeon Overview and Level Annotations

Branches:
Dungeon (6/15)             Temple (1/1) D:6         Ossuary (visited)

Altars:
Cheibriados
Fedhas
Hepliaklqana
Kikubaaqudgha
Okawaru
Qazlal
Wu Jian
Yredelemnul


Message History

Confirm with . or Enter, or press ? or * to list all spells.
The water moccasin closely misses you.
You closely miss the water moccasin. The water moccasin bites you!
The water moccasin completely misses you.
Unknown command.
You closely miss the water moccasin.
Your spectral ufetubus hits the sky beast but does no damage.
Your spectral ufetubus barely misses the sky beast.
The water moccasin bites you.
You are poisoned.
The water moccasin poisons you!
Your warg barely misses the water moccasin.
You closely miss the water moccasin.
You feel very sick.
Your spectral ufetubus hits the sky beast.
Your spectral ufetubus closely misses the sky beast.
The water moccasin bites you.
You are lethally poisoned!
The water moccasin poisons you!
Your warg bites the water moccasin.
The water moccasin bites you.
Your spectral ufetubus hits the sky beast.
Your spectral ufetubus closely misses the sky beast.
Your warg bites the water moccasin.
* * * LOW HITPOINT WARNING * * *
You feel very sick.
The sky beast flickers out of sight!
Deactivating autopickup; reactivate with Ctrl-A.
Your warg bites the water moccasin.
The water moccasin bites you but does no damage.
* * * LOW HITPOINT WARNING * * *
You feel very sick.
Your warg bites the water moccasin.
The water moccasin bites you.
* * * LOW HITPOINT WARNING * * *
You are more poisoned.
The water moccasin poisons you! Something hits you but does no damage.
Blink to where?
Press: ? - help, Dir - move target
As you read the scroll of blinking, it crumbles to dust.
You die...
Your body rises from the dead as a mindless zombie.

.##.###.# #...# ##..##.#..
##...##.# #...# #.........
#.....########...#######...#...#.
..[....##.............##...#.⌠.#.
..._....)................###...##
.......##[............##.........
#.....########Z..#######..⌠..>..⌠
##...## #...# #.........
###.##########Z.@### #.###...## #
#...#.......Z....# #...#.⌠.#. #
##Z.#.#####....#.# #...#...#. #
##Z# #.#.##.# #......... #####Z#
#...##.# ##..#..### ZZ....#
#......# #.##.####
#######.#####S.#.#.# #........ #
#....[.h§....# ######### #
#.##...Z........


You could see a water moccasin (ally target), a friendly warg (summoned) and 3
friendly gnoll zombies.

Vanquished Creatures
  A scorpion zombie (Ossuary)
  An ufetubus (D:6)
  A dart slug (D:3)
  An orc (D:3)
  5 endoplasms
  A goblin (D:1)
  3 hobgoblins (D:2)
  A jackal (D:2)
  2 kobolds (D:4)
  A quokka (D:2)
  2 ball pythons (D:3)
  4 bats
  2 frilled lizards
  A goblin zombie (Ossuary)
  A kobold zombie (Ossuary)
  2 rats
29 creatures vanquished.

Vanquished Creatures (collateral kills)
  Sigmund (D:3)
  2 ogres (D:6)
  A centaur (D:6)
  7 scorpions (Ossuary)
  5 wights (D:6)
  A centaur zombie (Ossuary)
  2 jellies
  A gnoll bouda (D:6)
  5 human zombies (Ossuary)
  4 hounds
  4 scorpion zombies (Ossuary)
  2 iguanas
  3 mummies (Ossuary)
  9 gnolls
  4 adders
  A white imp (D:6)
  2 ufetubi (D:6)
  3 worms
  2 orcs
  8 ball pythons
  4 endoplasms
  2 giant cockroaches
  4 goblins
  3 hobgoblins
  7 jackals
  7 kobolds
  2 quokkas
  A bat (D:1)
  A gnoll zombie (Ossuary)
  4 goblin zombies (Ossuary)
  A hobgoblin zombie (Ossuary)
  2 kobold zombies (Ossuary)
  3 orc zombies (Ossuary)
  7 rats
115 creatures vanquished.

Vanquished Creatures (others)
  An ogre zombie (D:6)
  An iguana zombie (D:6)
  A gnoll zombie (D:6)
3 creatures vanquished.

Grand Total: 147 creatures vanquished

Notes
Turn   | Place    | Note
-------+----------+-------------------------------------------
     0 | D:1      | ChadusMaximus the Deep Elf Summoner began the quest for the
                  | Orb.
     0 | D:1      | Reached XP level 1. HP: 10/10 MP: 6/6
    35 | D:1      | Found a faded altar of an unknown god.
   228 | D:1      | Reached XP level 2. HP: 15/15 MP: 5/8
  1279 | D:2      | Reached XP level 3. HP: 19/19 MP: 7/10
  1718 | D:2      | Reached skill level 5 in Summonings
  2092 | D:3      | Learned a level 2 spell: Call Imp
  2097 | D:3      | Learned a level 3 spell: Call Canine Familiar
  2180 | D:3      | Reached XP level 4. HP: 3/24 MP: 6/12
  2802 | D:3      | Noticed Sigmund
  2821 | D:3      | Killed Sigmund
  2822 | D:3      | Reached skill level 5 in Spellcasting
  2822 | D:3      | Reached skill level 6 in Summonings
  2822 | D:3      | Reached XP level 5. HP: 28/28 MP: 6/14
  3368 | D:4      | Reached XP level 6. HP: 30/32 MP: 10/16
  3528 | D:4      | Found a sand-covered staircase.
  3533 | Ossuary  | Entered an ossuary
  3714 | Ossuary  | Reached skill level 7 in Summonings
  3960 | Ossuary  | Reached XP level 7. HP: 35/36 MP: 15/18
  4029 | Ossuary  | Reached skill level 8 in Summonings
  4339 | Ossuary  | Reached skill level 9 in Summonings
  4342 | Ossuary  | Reached XP level 8. HP: 13/41 MP: 5/21
  5470 | D:5      | Entered Level 5 of the Dungeon
  5527 | D:5      | Learned a level 4 spell: Summon Lightning Spire
  5531 | D:5      | Learned a level 3 spell: Summon Guardian Golem
  6358 | D:6      | Found a staircase to the Ecumenical Temple.
  6386 | D:6      | Reached skill level 10 in Summonings
  6400 | Temple   | Entered the Ecumenical Temple
  6427 | Temple   | Became a worshipper of Yredelemnul the Dark
  6475 | D:6      | Reached * piety under Yredelemnul
  6731 | D:6      | Found a snail-covered altar of Cheibriados.
  6935 | D:6      | Found a hazy altar of Hepliaklqana.
  7092 | D:6      | Identified the amulet "Hyafecwa" {Reflect rF+ rN+ Slay+6
                  | SH+5}
  7223 | D:6      | Succumbed to a water moccasin's poison

Illustrated notes

Levels and vault maps discovered:
D:1:      minmay_arrival_semitransparent, layout_basic,
          dreamdust_ecumenical_altar_grove
D:2:      layout_loops_ring
D:3:      layout_loops_ring, supply_closet_lemuel, minmay_door_square,
          uniq_sigmund
D:4:      layout_gridville, enter_ossuary_5
D:5:      layout_loops_ring
D:6:      layout_loops_cross, lemuel_round_altar, general_overflow_altar,
          minmay_temple_entry_junction_2
Temple:   eino_temple_water

Skill      XL: |  1  2  3  4  5  6  7  8 |
---------------+-------------------------+-----
Stealth        | 3 |  3.1
Dodging        | 3 4 |  4.4
Summonings     | 5 6 7 9 10 | 10.8
Spellcasting   | 4 5 6 7 9 |  9.0

Action                   |  1- 3 |  4- 6 |  7- 9 || total
-------------------------+-------+-------+-------++-------
Melee: Unarmed           |     8 |       |       ||     8
       Flail             |    38 |    62 |    55 ||   155
       Punch             |       |     1 |     1 ||     2
       Dire flail        |       |       |     5 ||     5
 Cast: Summon Small Mamm |    68 |    15 |    13 ||    96
       Call Canine Famil |     3 |    10 |    15 ||    28
       Call Imp          |     1 |     9 |    10 ||    20
       Summon Lightning  |       |       |     6 ||     6
  Use: Scroll            |       |     4 |     1 ||     5
 Stab: Sleeping          |     5 |     2 |     3 ||    10
Armor: Robe              |    18 |    42 |     8 ||    68
       Leather armour    |       |       |    12 ||    12
Dodge: Dodged            |    59 |    80 |    65 ||   204
